 Dungeon Crawl Stone Soup version 0.21.1-1-g345015f (webtiles) character file.

257 twistedcrescendo the Gusty (level 6, -4/34 HPs)
             Began as a Tengu Air Elementalist on June 18, 2018.
             Killed by nerve-wracking pain
             ... invoked by tidbits's ghost
              (12 damage)
             ... on level 4 of the Dungeon.
             The game lasted 00:53:58 (4918 turns).

twistedcrescendo the Gusty (Tengu Air Elementalist) Turns: 4918, Time: 00:54:00

Health: -4/34      AC:  5    Str: 12    XL:     6   Next: 16%
Magic:  1/11       EV: 13    Int: 17    God:
Gold:   206        SH:  0    Dex: 14    Spells: 7/10 levels left

rFire    . . .     SeeInvis .   n - +0 short sword
rCold    . . .     Gourm    .   (no shield)
rNeg     . . .     Faith    .   h - +0 robe
rPois    .         Spirit   .   (helmet restricted)
rElec    .         Reflect  .   (no cloak)
rCorr    .         Harm     .   (no gloves)
MR       .....                  (boots unavailable)
Stlth    ++........             (no amulet)
HPRegen  0.11/turn              o - +3 ring of strength
MPRegen  0.12/turn              w - +3 ring of protection

@: very slightly contaminated
A: beak, talons 3, able to fly 1
a: Fly


You were on level 4 of the Dungeon.
You were not hungry.

You visited 1 branch of the dungeon, and saw 4 of its levels.

You collected 206 gold pieces.

Inventory:

Hand Weapons
 f - a +0 dagger
 n - a +0 short sword (weapon)
 q - a +0 blowgun
Missiles
 r - 15 poisoned needles
Armour
 h - a +0 robe (worn)
 j - a +0 pair of gloves
 y - a cursed +0 robe
Jewellery
 o - a +3 ring of strength (left hand)
 w - a +3 ring of protection (right hand)
Wands
 u - a wand of iceblast (9)
Scrolls
 a - 2 scrolls of magic mapping {unknown}
 c - 2 scrolls of random uselessness {unknown}
 g - 5 scrolls of identify
 k - 2 scrolls of teleportation {unknown}
 p - 2 scrolls of enchant armour {unknown}
 z - a scroll of fear {unknown}
Potions
 d - 2 potions of heal wounds {unknown}
 e - 4 potions of curing
 i - a potion of might {unknown}
 m - 2 potions of agility {unknown}
 s - a potion of cancellation {unknown}
 t - a potion of degeneration {unknown}
 v - a potion of magic {unknown}
 x - a potion of haste {unknown}
 A - a potion of ambrosia {unknown}
 C - a potion of flight {unknown}
Books
 b - a book of Air

   Spells                             Type                      Level
   a - Shock                          Conjuration/Air              1
   b - Swiftness                      Charms/Air                   2
   c - Static Discharge               Conjuration/Air              3
   d - Airstrike                      Air                          4
   e - Lightning Bolt                 Conjuration/Air              5
Comestibles
 l - 3 rations
 B - 5 chunks of flesh


   Skills:
 + Level 1.6 Fighting
 + Level 2.5 Dodging
 + Level 2.2 Stealth
 + Level 2.9 Spellcasting
 + Level 3.3 Conjurations
 * Level 6.7 Air Magic


You had 7 spell levels left.
You knew the following spells:

 Your Spells              Type           Power        Failure   Level  Hunger
a - Shock                 Conj/Air       ###.         2%          1    None
b - Swiftness             Chrm/Air       ##......     7%          2    ##.....


Dungeon Overview and Level Annotations

Branches:
Dungeon (4/15)
 Temple: D:4-7

Altars:

Annotations:
D:4 tidbits's ghost, amateur GnNe


Innate Abilities, Weirdness & Mutations

You have a beak for a mouth.
You have claws for feet.
You can fly.


Message History

Wield which item (- for none, * to show all)? (? for menu, Esc to quit)
n - a +0 short sword (weapon)
You miss tidbits's ghost. Your kick misses tidbits's ghost.
Tidbits's ghost is severely damaged.
Tidbits's ghost points at you and mumbles some strange words.
Pain shoots through your body! Tidbits's ghost closely misses you.
You closely miss tidbits's ghost.
You claw tidbits's ghost, but do no damage.
Tidbits's ghost is severely damaged.
Tidbits's ghost closely misses you.
You hit tidbits's ghost. Your kick misses tidbits's ghost.
Tidbits's ghost is severely damaged.
Tidbits's ghost hits you but does no damage.
You barely miss tidbits's ghost. Your peck misses tidbits's ghost.
Tidbits's ghost is severely damaged.
Tidbits's ghost hits you.
* * * LOW HITPOINT WARNING * * *
Tidbits's ghost casts a spell at you. Pain shoots through your body!
You die...

#.# #.# ####.# ##.## #....
##.###.# #....# #.# #.<..
#......# #.##.# #.# #....
#..##..# #.##.# ##'## ####.
....#..###.##.# ##...## #.
#.#.#.........# ##.....## #.
#.....####.##.## ##.......## ##
.##.######.#...####...>.....####.
...........(....@.W.........+....
.##.###.##.#...####...[.....####.
###.# #.##.#..## ##.......## ##
....# #.##.#.## ##.....## # #####
#......# ##...## # ####.### ##'##
# #.# #.# # #.# #.# # #####.##
##.##


You could see tidbits's ghost.

Vanquished Creatures
  Blork the orc (D:4)
  A hound (D:4)
  4 gnolls (D:4)
  2 adders
  2 oozes
  4 worms
  A dart slug (D:3)
  6 leopard geckos
  2 orcs (D:3)
  2 ball pythons (D:3)
  5 giant cockroaches
  5 goblins
  4 hobgoblins
  6 jackals
  6 quokkas
  5 bats
  2 frilled lizards
  5 kobolds
  10 rats
73 creatures vanquished.

Notes
Turn   | Place    | Note
-------+----------+-------------------------------------------
     0 | D:1      | twistedcrescendo the Tengu Air Elementalist began the quest for the Orb.
     0 | D:1      | Reached XP level 1. HP: 10/10 MP: 4/4
   251 | D:1      | Reached XP level 2. HP: 16/16 MP: 4/6
   754 | D:2      | Reached skill level 1 in Fighting
   754 | D:2      | Reached XP level 3. HP: 17/20 MP: 1/7
   844 | D:2      | Reached skill level 5 in Air Magic
  1808 | D:2      | Reached XP level 4. HP: 25/25 MP: 3/8
  1885 | D:2      | Learned a level 2 spell: Swiftness
  2027 | D:2      | Found a faded altar of an unknown god.
  3805 | D:4      | Noticed tidbits's ghost (amateur GnNe)
  4161 | D:4      | Gained mutation: You can fly. [Tengu growth]
  4161 | D:4      | Reached XP level 5. HP: 29/29 MP: 3/9
  4217 | D:4      | Noticed Blork the orc
  4249 | D:4      | Killed Blork the orc
  4249 | D:4      | Reached skill level 6 in Air Magic
  4699 | D:4      | Reached XP level 6. HP: 33/34 MP: 5/11
  4918 | D:4      | Killed from afar by tidbits's ghost

Skill      XL: |  1  2  3  4  5 |
---------------+----------------+-----
Fighting       | 1 |  1.6
Air Magic      | 5 6 |  6.7
Conjurations   | 2 3 |  3.3
Dodging        | |  2.5
Stealth        | |  2.2
Spellcasting   | |  2.9

Action                   |  1- 3 |  4- 6 || total
-------------------------+-------+-------++-------
Melee: Unarmed           |     6 |       ||     6
       Kick              |     3 |     3 ||     6
       Dagger            |    10 |     8 ||    18
       Peck              |     3 |       ||     3
       Short sword       |       |     4 ||     4
 Fire: Blowgun           |       |     9 ||     9
 Cast: Shock             |    95 |   101 ||   196
  Use: Scroll            |       |     3 ||     3
  Eat: Chunk             |     1 |     3 ||     4
       Ration            |     1 |     2 ||     3
Armor: Robe              |     1 |     8 ||     9
Dodge: Dodged            |    21 |    24 ||    45
